 Dungeon Sprint DCSS version 0.29-a0-364-g921d912d32 (webtiles) character file.

Game seed: 11393135255321857674

9442 mhtbhm the Severer (level 11, 0/117 HPs)
             Began as a Yellow Draconian Berserker on Apr 30, 2022.
             Was the Champion of Trog.
             Slain by a death drake (3 damage)
             ... in the Dungeon (Sprint III: "The Ten Rune Challenge").
             The game lasted 00:04:28 (3426 turns).

mhtbhm the Severer (Yellow Draconian Berserker)     Turns: 3426, Time: 00:04:29

Health: 0/117      AC:  7    Str: 24    XL:     11   Next: 23%
Magic:  11/11      EV: 16    Int:  7    God:    Trog [******]
Gold:   1800       SH:  0    Dex: 11    Spells: 10/10 levels left

rFire   . . .      SeeInvis .   a - +3 battleaxe (flame)
rCold   + . .      Faith    .   (shield currently unavailable)
rNeg    . . .      Spirit   .   (body armour unavailable)
rPois   .          Reflect  .   (helmet restricted)
rElec   .          Harm     .   (no cloak)
rCorr   +          Rampage  .   (no gloves)
Will    +....      Clarity  +   (no boots)
Stlth   ++........ NoTele   +   (no amulet)
HPRegen 0.29/turn               (no ring)
MPRegen 0.12/turn               (no ring)

@: lethally poisoned (0 -> -35), short of breath, on berserk cooldown, slowed,
very slow
A: spit acid, AC +7, unfitting armour, cold-blooded, acid resistance, clarity,
cold resistance 1, strong-willed 1
a: Breathe Acid, Renounce Religion, Berserk, Trog's Hand, Brothers in Arms


You were in the Dungeon.
You worshipped Trog.
Trog was exalted by your worship.
You visited 1 branch You collected 1905 gold pieces.
You spent 105 gold pieces at shops.

Inventory:

Hand Weapons
 a - a +3 battleaxe of flaming (weapon)
Missiles
 p - 7 curare-tipped darts (quivered)
 q - 5 javelins
Wands
 n - a wand of flame (27)
Scrolls
 g - 2 scrolls of blinking
 i - a scroll of immolation
 j - a scroll of identify
 k - a scroll of holy word
Potions
 b - 3 potions of curing
 d - a potion of haste
 e - 2 potions of magic
 f - 3 potions of berserk rage
 l - 2 potions of flight
 m - 3 potions of mutation
Miscellaneous
 o - a condenser vane


   Skills:
 + Level 17.2 Fighting
 + Level 18.1 Axes
 + Level 12.2 Dodging
 + Level 6.6 Stealth
 + Level 1.0 Evocations


You had 10 spell levels left.
You didn't know any spells.
Your spell library was empty.

Dungeon Overview and Level Annotations

Branches:
Dungeon (1/1)

Altars:
Cheibriados
Dithmenos
Elyvilon
Fedhas
Gozag
Hepliaklqana
Kikubaaqudgha
Makhleb
Nemelex Xobeh
Okawaru
Qazlal
Ru
Sif Muna
Trog
Uskayaw
Vehumet
Wu Jian
Xom
Yredelemnul
Zin
The Shining One
Beogh
Jiyva
Lugonu

Shops:
D ?


Innate Abilities, Weirdness & Mutations

You can spit globs of acid.
Your golden yellow scales are hard. (AC +7)
You cannot fit into any form of body armour.
You are cold-blooded and may be slowed by cold attacks.
You are resistant to acid. (rCorr)
You possess an exceptional clarity of mind.
Your flesh is cold resistant. (rC+)
You are strong-willed. (Will+)


Message History

You feel yourself slow down.
Your unstable footing causes you to fumble your attack.
The death drake bites you! The death drake breathes miasma at you.
The foul vapour engulfs you!
You are poisoned.
Your unstable footing causes you to fumble your attack.
You are engulfed in dark miasma.
You are more poisoned.
You feel extremely sick. The death drake completely misses you.
You hit the death drake but do no damage.
Your tail-slap misses the death drake.
The death drake is almost dead.
You are engulfed in dark miasma.
You are lethally poisoned!
* * * LOW HITPOINT WARNING * * *
You feel extremely sick. The death drake misses you. x2
Unknown command.
You feel much better.
You are engulfed in dark miasma.
You are lethally poisoned!
* * * LOW HITPOINT WARNING * * *
You feel extremely sick.
The death drake bites you but does no damage.
The death drake closely misses you.
Unknown command.
You feel much better.
You are engulfed in dark miasma.
You are more poisoned.
You feel as though you will be slow longer.
* * * LOW HITPOINT WARNING * * *
You feel extremely sick.
The death drake completely misses you. x2
Unknown command.
As you read the scroll of fog, it crumbles to dust.
The scroll dissolves into smoke.
* * * LOW HITPOINT WARNING * * *
You feel extremely sick. The death drake closely misses you.
The death drake bites you.
You die...

.....♣♣♣♣)≈≈...)....≈≈≈...##.#.#.
.≈≈≈≈'♣♣'♣≈≈≈≈≈≈≈≈≈≈≈≈♣♣P.'.#.#.#
.....#.≈♣♣♣♣♣♣♣♣♣♣♣♣♣♣♣♣PP##.#.#.
♣♣♣♣♣#..♣♣ ♣♣♣##'####
###'♣♣♣♣♣♣♣♣♣♣♣♣♣♣♣ #.))+
♣♣♣♣†##..##≈≈≈≈≈≈..# #...#
♣...##.##.#≈§§≈≈...# #...#
♣♣.##.##†##§§§§≈≈### #####
♣..#)##..)#@§.....○
♣♣.##.##.)#k§.+####
♣♣†##.#####.§§# ♣.....# ....#
####### #####


You could see a death drake.

Vanquished Creatures
  Harold (D)
  Snorg (D)
  2 hydras (D)
  A centaur warrior (D)
  Urug (D)
  A lindwurm (D)
  Joseph (D)
  A deep elf pyromancer (D)
  A rime drake (D)
  2 cane toads (D)
  An unseen horror (D)
  A komodo dragon (D)
  2 tyrant leeches (D)
  A shadow (D)
  3 redbacks (D)
  3 wandering mushrooms (D)
  A spatial vortex (D)
  A swamp drake (D)
  2 orc warriors (D)
  2 centaurs (D)
  An earth elemental (D)
  A necrophage (D)
  A water elemental (D)
  A scorpion (D)
  An electric eel (D)
  2 orc priests (D)
  A jelly (D)
  A wizard (D)
  A necromancer (D)
  3 orc wizards (D)
  3 humans (D)
  A kobold demonologist (D)
  11 orcs (D)
  An endoplasm (D)
  3 rats (D)
61 creatures vanquished.

Notes
Turn   | Place    | Note
-------+----------+-------------------------------------------
     0 | D        | mhtbhm the Draconian Berserker began the quest for the Orb.
     0 | D        | Reached XP level 1. HP: 19/19 MP: 1/1
    92 | D        | Reached ** piety under Trog
   113 | D        | Noticed a scorpion
   119 | D        | Killed a scorpion
   120 | D        | Reached skill level 5 in Fighting
   120 | D        | Reached skill level 5 in Axes
   120 | D        | Reached XP level 2. HP: 30/30 MP: 2/2
   120 | D        | Reached XP level 3. HP: 37/37 MP: 3/3
   135 | D        | Reached XP level 4. HP: 11/44 MP: 4/4
   156 | D        | Gained mutation: You are strong-willed. (Will+) [potion of
                  | mutation]
   156 | D        | Gained mutation: You possess an exceptional clarity of
                  | mind. [potion of mutation]
   156 | D        | Gained mutation: Your flesh is cold resistant. (rC+)
                  | [potion of mutation]
   354 | D        | Noticed a water elemental
   361 | D        | Killed a water elemental
   361 | D        | Reached *** piety under Trog
   362 | D        | Reached skill level 6 in Axes
   362 | D        | Reached skill level 5 in Dodging
   477 | D        | Found a basalt altar of Yredelemnul.
   477 | D        | Found a shadowy altar of Dithmenos.
   477 | D        | Found a sacrificial altar of Ru.
   477 | D        | Noticed a necrophage
   481 | D        | Killed a necrophage
   482 | D        | Reached skill level 7 in Axes
   482 | D        | Reached XP level 5. HP: 53/53 MP: 5/5
   632 | D        | Found a radiant altar of Vehumet.
   632 | D        | Found a shimmering blue altar of Sif Muna.
   632 | D        | Found an ancient bone altar of Kikubaaqudgha.
   635 | D        | Reached **** piety under Trog
   638 | D        | Reached skill level 8 in Axes
   690 | D        | Found a glowing silver altar of Zin.
   690 | D        | Found a glowing golden altar of the Shining One.
   690 | D        | Found a white marble altar of Elyvilon.
   691 | D        | Noticed a deep elf pyromancer
   699 | D        | Killed a deep elf pyromancer
   700 | D        | Reached skill level 10 in Fighting
   700 | D        | Reached skill level 10 in Axes
   700 | D        | Reached XP level 6. HP: 67/67 MP: 6/6
   700 | D        | Your scales start taking on a golden yellow colour.
   700 | D        | Reached XP level 7. HP: 73/73 MP: 7/7
   700 | D        | Gained mutation: You are resistant to acid. (rCorr) [Yellow
                  | Draconian growth]
   788 | D        | Found a hide-covered altar of Uskayaw.
   788 | D        | Found an iron altar of Okawaru.
   788 | D        | Found a bloodstained altar of Trog.
   788 | D        | Found an ornate altar of the Wu Jian Council.
   788 | D        | Noticed a human
   788 | D        | Noticed a human
   798 | D        | Killed a human
   799 | D        | Reached skill level 11 in Axes
   799 | D        | Killed a human
   799 | D        | Reached ***** piety under Trog
   873 | D        | Noticed a shadow
   877 | D        | Killed a shadow
   878 | D        | Reached XP level 8. HP: 82/82 MP: 8/8
  1020 | D        | Found a blossoming altar of Fedhas.
  1020 | D        | Found a stormy altar of Qazlal.
  1020 | D        | Found a snail-covered altar of Cheibriados.
  1020 | D        | Found a burning altar of Makhleb.
  1020 | D        | Found a shimmering altar of Xom.
  1021 | D        | Found a hazy altar of Hepliaklqana.
  1021 | D        | Found an opulent altar of Gozag.
  1021 | D        | Found a sparkling altar of Nemelex Xobeh.
  1021 | D        | Found a corrupted altar of Lugonu.
  1021 | D        | Found a viscous altar of Jiyva.
  1031 | D        | Reached skill level 12 in Axes
  1052 | D        | Noticed Snorg
  1071 | D        | Killed Snorg
  1072 | D        | Reached skill level 13 in Axes
  1072 | D        | Reached skill level 10 in Dodging
  1326 | D        | Reached XP level 9. HP: 30/92 MP: 9/9
  1603 | D        | Noticed a centaur warrior
  1609 | D        | Killed a centaur warrior
  1610 | D        | Reached skill level 14 in Axes
  1610 | D        | Reached skill level 1 in Stealth
  1794 | D        | Killed an unseen horror
  2044 | D        | Noticed a wandering mushroom
  2048 | D        | Noticed a wandering mushroom
  2051 | D        | Noticed a wandering mushroom
  2137 | D        | Killed a wandering mushroom
  2166 | D        | Received a gift from Trog
  2289 | D        | Reached ****** piety under Trog
  2290 | D        | Received a gift from Trog
  2294 | D        | Reached skill level 15 in Axes
  2303 | D        | Found Zifo's Magic Scroll Shoppe.
  2306 | D        | Received a gift from Trog
  2444 | D        | Bought a scroll of blinking for 105 gold pieces
  2487 | D        | Noticed Harold
  2487 | D        | Noticed Joseph
  2491 | D        | Killed Harold
  2492 | D        | Reached skill level 15 in Fighting
  2492 | D        | Reached XP level 10. HP: 105/105 MP: 10/10
  2499 | D        | Killed Joseph
  2500 | D        | Reached skill level 16 in Axes
  2625 | D        | Noticed a cane toad
  2625 | D        | Noticed a cane toad
  2629 | D        | Killed a cane toad
  2633 | D        | Killed a cane toad
  2633 | D        | Received a gift from Trog
  2772 | D        | Reached skill level 17 in Axes
  2953 | D        | Noticed a lindwurm
  2960 | D        | Killed a lindwurm
  2960 | D        | Received a gift from Trog
  2961 | D        | Reached skill level 5 in Stealth
  2961 | D        | Reached skill level 1 in Evocations
  3251 | D        | Noticed Urug
  3257 | D        | Killed Urug
  3258 | D        | Reached XP level 11. HP: 106/116 MP: 11/11
  3403 | D        | Noticed a six-headed hydra
  3403 | D        | Noticed a six-headed hydra
  3411 | D        | Killed a four-headed hydra
  3413 | D        | Killed a four-headed hydra
  3413 | D        | Received a gift from Trog
  3414 | D        | Reached skill level 18 in Axes
  3414 | D        | Noticed a death drake
  3426 | D        | HP: 3/117 [poisoned by a death drake (dark miasma)]
  3426 | D        | Slain by a death drake

Illustrated notes

Levels and vault maps discovered:
D:        dungeon_sprint_mu [sprint_mu_entry_forest, sprint_mu_temple_rooms,
          sprint_mu_d1_horrors, sprint_mu_d2_genie, sprint_mu_d3_branching,
          sprint_mu_orc_legion, sprint_mu_elf_gauntlet, sprint_mu_hive_nellie,
          sprint_mu_lair_fedhas, sprint_mu_vaults_butterflies,
          sprint_mu_slime_circle, sprint_mu_shoals_kraken,
          sprint_mu_snake_twists, sprint_mu_blade_basic,
          sprint_mu_crypt_fortress, sprint_mu_tomb_spiral,
          sprint_mu_vestibule_basic, sprint_mu_gehenna_hellfire,
          sprint_mu_dis_giant, sprint_mu_tartarus_statrot,
          sprint_mu_cocytus_islands, sprint_mu_zot1]

Skill      XL: |  1  2  3  4  5  6  7  8  9 10 11 |
---------------+----------------------------------+-----
Dodging        | 4 6 8 9 10 11 12 | 12.2
Fighting       | 5 6 7 10 11 12 15 16 17 | 17.2
Axes           | 5 7 10 11 13 15 17 18 | 18.1
Stealth        | 3 5 6 |  6.6
Evocations     | 1 |  1.0

Action                   |  1- 3 |  4- 6 |  7- 9 | 10-12 || total
-------------------------+-------+-------+-------+-------++-------
Melee: Hand axe          |    24 |    22 |    97 |       ||   143
       Punch             |     1 |       |     1 |       ||     2
       Tailslap          |     1 |     4 |    20 |     4 ||    29
       Battleaxe         |       |       |    18 |    60 ||    78
Invok: Berserk           |     1 |     4 |     7 |     3 ||    15
 Abil: Breathe Acid      |       |       |     9 |     5 ||    14
Evoke: Condenser vane    |       |       |     1 |       ||     1
  Use: Potion            |       |     1 |       |     2 ||     3
       Scroll            |       |       |     3 |     1 ||     4
 Stab: Confused          |       |       |     3 |       ||     3
       Sleeping          |       |       |       |     3 ||     3
Armor: Skin              |     4 |     2 |    23 |    11 ||    40
Dodge: Dodged            |     8 |     8 |    53 |    37 ||   106

Table legend: (Time is in decaauts)
 A = Elapsed time spent in this place.
 B = Non-inter-level travel time spent in this place.
 C = Inter-level travel time spent in this place.
 D = Time resting spent in this place.
 E = Time spent auto-exploring this place.
 F = Levels seen in this place.
 G = Mean time per level.
                   A        B        C        D        E       F      G
               +--------+--------+--------+--------+--------+-----+--------+
         Total |   3540 |   3540 |      0 |   2755 |     96 |   1 | 3540.0 |
       Dungeon |   3540 |   3540 |      0 |   2755 |     96 |   1 | 3540.0 |
               +--------+--------+--------+--------+--------+-----+--------+

Top non-repeatable levels by time:
       D: 3540 daAuts
